 Dungeon Crawl Stone Soup version 0.31-a0-1370-gf52a5a9ab3 (webtiles) character file.

Game seed: 3223126227965822885

8648 grandjackal the Warmonger (level 11, -1/89 HPs)
             Began as a Demonspawn Gladiator on Dec 24, 2023.
             Was a High Priest of Okawaru.
             Killed by divine providence
             ... invoked by an orc priest
              (12 damage)
             ... on level 9 of the Dungeon.
             The game lasted 00:12:31 (7889 turns).

grandjackal the Warmonger (Demonspawn Gladiator)    Turns: 7889, Time: 00:12:33

Health: -1/89      AC: 13    Str: 16    XL:     11   Next: 12%
Magic:  5/5        EV: 30    Int:  9    God:    Okawaru [*****.]
Gold:   417        SH:  9    Dex: 17    Spells: 10/10 levels left

rFire   . . .        x - +5 demon whip "Spellbinder" {antimagic, disrupt, Will+}
rCold   . . .        k - +0 buckler
rNeg    . . .        U - +0 steam dragon scales
rPois   .            c - +0 helmet
rElec   .            P - +0 cloak
rCorr   .            (no gloves)
SInv    .            F - +2 pair of boots
Will    +....        (no amulet)
Stlth   ++           h - +5 ring of evasion
HPRegen 0.34/turn    K - +5 ring of evasion
MPRegen 0.09/turn

%: no passive effects
@: agile
A: yellow scales 2, powered by pain 1, condensation shield, demonic touch 1
a: Renounce Religion, Heroism, Finesse, Duel


You were on level 9 of the Dungeon.
You worshipped Okawaru.
Okawaru was extremely pleased with you.
You visited 2 branches of the dungeon, and saw 11 of its levels.
You also visited: Ossuary and Bailey.

You collected 530 gold pieces.
You spent 113 gold pieces at shops.

Inventory:

Hand Weapons
 a - a +0 long sword
 q - a +1 dagger of draining
 x - the +5 demon whip "Spellbinder" (weapon) {antimagic, disrupt, Will+}
   (You found it on level 3 of the Dungeon)

   Will+:     It increases your willpower.
Missiles
 d - 6 throwing nets (quivered)
 e - a javelin
Armour
 c - a +0 helmet (worn)
 k - a +0 buckler (worn)
 F - a +2 pair of boots (worn)
 O - a +3 chain mail of willpower
 P - a +0 cloak (worn)
 U - +0 steam dragon scales (worn)
Jewellery
 h - a +5 ring of evasion (left hand)
 p - a ring of resist corrosion
 A - a ring of see invisible
 H - a +6 ring of intelligence
 K - a +5 ring of evasion (right hand)
Wands
 y - a wand of flame (17)
 D - a wand of mindburst (13)
 E - a wand of polymorph (22)
 T - a wand of acid (1)
Scrolls
 g - 2 scrolls of teleportation {unknown}
 j - 2 scrolls of blinking {unknown}
 m - 3 scrolls of brand weapon {unknown}
 s - 3 scrolls of fog {unknown}
 z - 2 scrolls of enchant weapon {unknown}
 B - 3 scrolls of immolation {unknown}
 C - 2 scrolls of vulnerability {unknown}
 G - 2 scrolls of enchant armour {unknown}
 L - a scroll of noise {unknown}
 M - a scroll of revelation {unknown}
 N - a scroll of butterflies {unknown}
 Q - 2 scrolls of fear {unknown}
Potions
 f - 3 potions of ambrosia
 i - 2 potions of mutation
 l - 3 potions of haste
 n - 5 potions of curing
 o - 4 potions of lignification
 r - 2 potions of brilliance
 t - 4 potions of enlightenment
 u - a potion of invisibility {unknown}
 v - a potion of berserk rage {unknown}
 w - a potion of magic {unknown}
 I - 3 potions of heal wounds
 J - 2 potions of might
 R - 2 potions of cancellation {unknown}
 S - a potion of attraction


   Skills:
 + Level 9.1 Fighting
 - Level 5.4 Long Blades
 + Level 7.6 Maces & Flails
 - Level 2.0 Throwing
 - Level 6.7 Dodging
 + Level 4.8 Shields
 + Level 9.2 Invocations


You had 10 spell levels left.
You didn't know any spells.
Your spell library contained the following spells:

 Spells                   Type           Power      Damage    Failure   Level
 Sublimation of Blood     Necr           0%         N/A       61%         2
 Petrify                  Alch/Erth      0%         N/A       99%         4
 Irradiate                Conj/Alch      0%         3d11      100%        5


Dungeon Overview and Level Annotations

Branches:
Dungeon (10/15)            Temple (1/1) D:5            Lair (0/5) D:10
Ossuary (visited)          Bailey (visited)
    Orc: D:9-12

Altars:
Ashenzari
Cheibriados
Dithmenos
Fedhas
Hepliaklqana
Kikubaaqudgha
Makhleb
Nemelex Xobeh
Okawaru
Qazlal
Ru
Sif Muna
Trog
Uskayaw
Vehumet
Wu Jian
Xom
Yredelemnul

Shops:
D:5 *   D:10 =


Innate Abilities, Weirdness & Mutations

You are mostly covered in yellow scales. (AC +3)
You sometimes gain a little power by taking damage.
A meltable shield of frost defends you. (SH +4)
Your touch may inflict minor irresistible damage on your foes.


Message History

The bolt of acid hits the orc.
The acid corrodes the orc!
The orc is severely wounded.
The bolt of acid hits the orc!
You kill the orc!
You hear a shout!
The warg completely misses you. x2
Aiming: Corrosive Bolt
Press: ? - help, Shift-Dir - straight line, f/p - warg
Aim: a warg (almost dead, covered in acid, 64% to hit)
The bolt of acid hits the warg!!
You kill the warg!
Okawaru accepts your kill.
The bolt of acid misses the orc.
The bolt of acid hits the orc priest!
The acid corrodes the orc priest!
You kill the orc priest!
Okawaru accepts your kill.
Unknown command.
You barely miss the orc.
The orc is severely wounded.
The orc completely misses you.
You barely miss the orc.
The orc is severely wounded.
The orc closely misses you. The orc warrior completely misses you.
You whack the orc!
You kill the orc!
An orc comes into view. It is wielding a +0 short sword.
The orc warrior completely misses you.
Things that are here:
a +1 dagger of speed; a +0 ring mail; a warg corpse You barely miss the orc warrior.
The orc warrior completely misses you.
You hit the orc warrior.
The orc warrior is moderately wounded.
The orc warrior closely misses you.
You whack the orc warrior!
The orc warrior is heavily wounded.
The orc warrior hits you with a +0 glaive.
* * * LOW HITPOINT WARNING * * *
The orc priest mumbles some strange prayers to Beogh against you.
Beogh smites you!
You die...

.......#######.. #####..#
#.. ...... # #..# #.#
..... # #..# #.# .... #
#..# #.# ...# . # #..#
#.# ...##.. #
#..#######.# .......
#####..........###.......
......#########.@oo)#
......# ####o.# #####.#
..... #.# ...o... #.#
....##. #.# ....# #.#
..... . #.. ...... .


You could see an orc warrior, an orc priest and 2 orcs.

Vanquished Creatures
  Pikel (D:4)
  A manticore (D:10)
  Joseph (D:8)
  3 yaks (D:9)
  A wyvern (D:8)
  A wraith (D:6)
  A warg (D:9)
  A basilisk (D:10)
  2 steam dragons (D:8)
  Grum (Bailey)
  4 water moccasins
  Duvessa (D:5)
  An ice beast (D:6)
  A black bear (D:5)
  2 sky beasts
  An orc warrior (D:5)
  2 ogres
  2 centaurs
  5 wolves (Bailey)
  A lemure (D:4)
  3 phantoms
  An elf zombie (Ossuary)
  Blork the orc (D:4)
  3 kobold brigands
  5 bullfrogs
  2 scorpions
  A weeping skull (Ossuary)
  11 gnoll sergeants
  Dowan (D:5)
  20 killer bees
  3 howler monkeys
  2 centaur zombies (Ossuary)
  6 hounds
  2 human zombies (Ossuary)
  A jelly (D:5)
  6 orc priests
  9 gnoll boudas
  Ijyb (D:4)
  4 iguanas
  An orc wizard (D:9)
  A sleepcap (D:8)
  2 crocodile zombies (Ossuary)
  2 hound zombies (Ossuary)
  3 mummies (Ossuary)
  36 gnolls
  11 adders
  2 shadow imps
  A white imp (D:7)
  A bombardier beetle (D:6)
  2 ufetubi (D:5)
  6 adder zombies (Ossuary)
  A worm (D:3)
  2 dart slugs
  14 orcs
  6 ball pythons
  9 endoplasms
  3 giant cockroaches
  9 goblins
  10 hobgoblins
  3 jackals (D:3)
  7 quokkas
  5 ball python zombies (Ossuary)
  6 bats
  4 frilled lizards
  5 jackal zombies (Ossuary)
  27 kobolds
  A kobold zombie (Ossuary)
  An orc zombie (Ossuary)
  6 rats
302 creatures vanquished.

Notes
Turn   | Place    | Note
-------+----------+-------------------------------------------
     0 | D:1      | grandjackal the Demonspawn Gladiator began the quest for
                  | the Orb.
     0 | D:1      | Reached XP level 1. HP: 16/16 MP: 1/1
    66 | D:1      | Gained mutation: You are partially covered in yellow
                  | scales. (AC +2) [demonic ancestry]
    66 | D:1      | Reached XP level 2. HP: 22/22 MP: 2/2
   542 | D:2      | Gained mutation: Your touch may inflict minor irresistible
                  | damage on your foes. [demonic ancestry]
   542 | D:2      | Reached XP level 3. HP: 28/28 MP: 3/3
   886 | D:2      | Reached XP level 4. HP: 35/35 MP: 4/4
  1114 | D:3      | Found a sparkling altar of Nemelex Xobeh.
  1119 | D:3      | Reached XP level 5. HP: 41/41 MP: 5/5
  1162 | D:3      | Found the +5 demon whip "Spellbinder" {antimagic, disrupt,
                  | Will+}
  1699 | D:4      | Reached skill level 1 in Maces & Flails
  1777 | D:4      | Noticed Ijyb
  1787 | D:4      | Killed Ijyb
  1788 | D:4      | Gained mutation: You sometimes gain a little power by
                  | taking damage. [demonic ancestry]
  1788 | D:4      | Reached XP level 6. HP: 44/48 MP: 2/6
  1788 | D:4      | Noticed Blork the orc
  1804 | D:4      | Killed Blork the orc
  1916 | D:4      | Reached XP level 7. HP: 38/55 MP: 2/7
  2068 | D:4      | Noticed Pikel
  2114 | D:4      | Killed Pikel
  2115 | D:4      | Reached skill level 5 in Fighting
  2115 | D:4      | Reached skill level 5 in Long Blades
  2115 | D:4      | Reached skill level 5 in Dodging
  2408 | D:4      | Gained mutation: You are mostly covered in yellow scales.
                  | (AC +3) [demonic ancestry]
  2408 | D:4      | Reached XP level 8. HP: 61/62 MP: 2/8
  2511 | D:5      | Entered Level 5 of the Dungeon
  2517 | D:5      | Noticed Duvessa
  2591 | D:5      | Found a staircase to the Ecumenical Temple.
  2605 | D:5      | Noticed Dowan
  2609 | D:5      | Killed Duvessa
  2617 | D:5      | Killed Dowan
  2645 | Temple   | Entered the Ecumenical Temple
  2652 | Temple   | Became a worshipper of Warmaster Okawaru
  2852 | D:5      | Reached skill level 1 in Invocations
  3049 | D:5      | Reached * piety under Okawaru
  3311 | D:5      | Found Copil's Assorted Antiques.
  3319 | D:5      | Bought a sedimented inky potion for 22 gold pieces
  3319 | D:5      | Bought a dark potion for 22 gold pieces
  3319 | D:5      | Bought a fuming ruby potion for 22 gold pieces
  3319 | D:5      | Bought a fuming white potion for 22 gold pieces
  3319 | D:5      | Bought a scroll labelled JALIKL YKIZ for 25 gold pieces
  3600 | D:6      | Reached XP level 9. HP: 66/70 MP: 3/11
  3816 | D:6      | Reached ** piety under Okawaru
  3817 | D:6      | Reached skill level 5 in Maces & Flails
  4503 | D:7      | Reached skill level 5 in Invocations
  4941 | D:7      | Reached *** piety under Okawaru
  5112 | D:7      | Reached skill level 1 in Shields
  5183 | D:7      | You fall into a shaft and drop 3 floors!
  5183 | D:10     | Entered Level 10 of the Dungeon
  5347 | D:10     | Found Maomidd's Jewellery Shoppe.
  5349 | D:10     | Found a shimmering altar of Xom.
  5402 | D:10     | Gained mutation: A meltable shield of frost defends you.
                  | (SH +4) [demonic ancestry]
  5402 | D:10     | Reached XP level 10. HP: 48/80 MP: 4/14
  5573 | D:10     | Found a staircase to the Lair.
  5620 | D:10     | Noticed a manticore
  5630 | D:10     | Killed a manticore
  5779 | D:9      | Reached **** piety under Okawaru
  5810 | D:8      | Found a flagged portal.
  5821 | Bailey   | Entered a bailey
  6007 | Bailey   | Noticed Grum
  6015 | Bailey   | Killed Grum
  6310 | D:8      | Found a sand-covered staircase.
  6324 | Ossuary  | Entered an ossuary
  7313 | D:8      | Noticed Joseph
  7329 | D:8      | Killed Joseph
  7329 | D:8      | Reached ***** piety under Okawaru
  7330 | D:8      | Reached XP level 11. HP: 75/89 MP: 5/17
  7889 | D:9      | Killed from afar by an orc priest

Illustrated notes

Levels and vault maps discovered:
D:1:      nzn_arrival_depleted_hourglass, layout_rooms
D:2:      wad_river_or_something, layout_rooms
D:3:      layout_rooms, mainiacjoe_overflow_tiny_flanked, serial_park_tiny_1,
          chequers_hall_statues_corner_a
D:4:      layout_gridville, uniq_blork_the_orc, uniq_pikel, uniq_ijyb
D:5:      layout_loops_cross, minmay_temple_entry_overgrown, serial_shops, shop,
          uniq_duvessa
D:6:      layout_gridville
D:7:      layout_loops_ring, nicolae_zen_rock_garden, eino_jars
D:8:      layout_gridville, enter_bailey_3, nicolae_ossuary_entry_ruins,
          uniq_joseph
D:9:      layout_small_grid, mainiacjoe_overflow_catwalk, erik_orc_4,
          uniq_harold
D:10:     layout_grid_maze, mainiacjoe_overflow_brackets, dpeg_oklobed_lair,
          serial_shops, shop
Temple:   hellmonk_temple_of_storms

Skill      XL: |  1  2  3  4  5  6  7  8  9 10 |
---------------+-------------------------------+-----
Throwing       | 2 |  2.0
Long Blades    | 3 4 5 |  5.4
Dodging        | 3 4 5 6 |  6.7
Fighting       | 3 4 5 6 7 9 |  9.1
Maces & Flails | 1 2 3 4 6 7 |  7.6
Invocations    | 3 6 9 |  9.2
Shields        | 2 4 |  4.8

Action                     |  1- 3 |  4- 6 |  7- 9 | 10-12 || total
---------------------------+-------+-------+-------+-------++-------
  Melee: Long sword        |   112 |    34 |       |       ||   146
         Touch             |     5 |    22 |    56 |    20 ||   103
         Punch             |       |     1 |     6 |     1 ||     8
         Demon whip        |       |    76 |   298 |   453 ||   827
         Unarmed           |       |       |    18 |       ||    18
 Invoke: Heroism           |       |       |       |     3 ||     3
  Evoke: Wand              |       |       |       |    10 ||    10
    Use: Scroll            |       |       |    10 |     2 ||    12
   Stab: Sleeping          |     3 |       |     2 |     1 ||     6
 Armour: Leather armour    |    37 |    40 |   122 |    67 ||   266
         Skin              |       |       |     6 |       ||     6
         Steam dragon scal |       |       |       |    28 ||    28
  Dodge: Dodged            |   119 |   112 |   384 |   396 ||  1011
  Block: Buckler           |       |       |       |   151 ||   151
         Other             |       |       |       |    29 ||    29

Table legend: (Time is in decaauts)
 A = Elapsed time spent in this place.
 B = Non-inter-level travel time spent in this place.
 C = Inter-level travel time spent in this place.
 D = Time resting spent in this place.
 E = Time spent auto-exploring this place.
 F = Levels seen in this place.
 G = Mean time per level.
                   A        B        C        D        E       F      G
               +--------+--------+--------+--------+--------+-----+--------+
         Total |   7766 |   7518 |    248 |    725 |   4848 |  13 |  597.4 |
       Dungeon |   7159 |   6911 |    248 |    658 |   4738 |  10 |  715.9 |
        Temple |     14 |     14 |      0 |      0 |      0 |   1 |   14.0 |
       Ossuary |    265 |    265 |      0 |      0 |    110 |   1 |  265.0 |
        Bailey |    326 |    326 |      0 |     67 |      0 |   1 |  326.0 |
               +--------+--------+--------+--------+--------+-----+--------+

Top non-repeatable levels by time:
     D:7: 1015 daAuts
     D:8: 1003 daAuts
     D:6: 960 daAuts
     D:4: 934 daAuts
     D:5: 897 daAuts
     D:3: 570 daAuts
     D:2: 562 daAuts
    D:10: 541 daAuts
     D:1: 517 daAuts
  Bailey: 326 daAuts
 Ossuary: 265 daAuts
     D:9: 155 daAuts
  Temple: 14 daAuts
